 Dungeon Crawl Stone Soup version 0.30-a0-857-gcaf70739d4 (webtiles) character file.

Game seed: 3345018756848586261

3808 bmack86 the Cleaver (level 9, 0/81 HPs)
             Began as a Minotaur Fighter on Mar 5, 2023.
             Was a Follower of Okawaru.
             Slain by a slime creature (13 damage)
             ... on level 9 of the Dungeon.
             The game lasted 00:16:00 (6353 turns).

bmack86 the Cleaver (Minotaur Fighter)              Turns: 6353, Time: 00:16:01

Health: 0/81       AC: 19    Str: 26    XL:     9   Next: 96%
Magic:  9/9        EV: 12    Int:  5    God:    Okawaru [*.....]
Gold:   631        SH: 10    Dex:  9    Spells: 8/8 levels left

rFire   . . .      SeeInvis .    a - +1 war axe (spect)
rCold   . . .      Faith    .    c - +0 buckler
rNeg    . . .      Spirit   .    n - +0 plate armour
rPois   .          Reflect  +    (helmet restricted)
rElec   .          Rampage  .    s - +0 cloak
rCorr   .                        h - +1 pair of gloves
Will    .....                    g - +1 pair of boots {Fly} Stlth
                                 m - amulet of reflection
HPRegen 0.33/turn                y - +5 ring of evasion
MPRegen 0.11/turn                (no ring)

@: flying
A: horns 2, retaliatory headbutt
a: Renounce Religion, Heroism


You were on level 9 of the Dungeon.
You worshipped Okawaru.
Okawaru was aware of your devotion.
You visited 2 branches of the dungeon, and saw 10 of its levels.
You also visited: Ossuary.

You collected 631 gold pieces.

Inventory:

Hand Weapons
 a - a +1 spectral war axe (weapon)
 x - a +1 hand axe of flaming
Missiles
 i - 12 poisoned darts (quivered)
Armour
 c - a +0 buckler (worn)
 g - a +1 pair of boots of flying (worn)
 h - a +1 pair of gloves (worn)
 n - a +0 plate armour (worn)
 s - a +0 cloak (worn)
Jewellery
 b - a ring of ice
 m - an amulet of reflection (around neck)
 o - an amulet of guardian spirit
 q - a ring of wizardry
 y - a +5 ring of evasion (left hand)
Wands
 t - a wand of paralysis (4)
 A - a wand of roots (9)
Scrolls
 k - 2 scrolls of fear
 z - a scroll of fog
 C - a scroll of blinking
Potions
 d - 3 potions of might
 e - 2 potions of mutation
 f - 2 potions of ambrosia
 j - a potion of berserk rage
 l - 4 potions of haste
 p - 4 potions of lignification
 r - 2 potions of magic
 u - a potion of heal wounds
 v - a potion of cancellation {unknown}
 w - 3 potions of curing {unknown}
 B - a potion of brilliance {unknown}


   Skills:
 + Level 7.8 Fighting
 * Level 10.2 Axes
 + Level 5.2 Throwing
 + Level 7.8 Armour
 + Level 7.8 Shields
 + Level 2.3 Invocations


You had 8 spell levels left.
You didn't know any spells.
Your spell library contained the following spells:

 Spells                   Type           Power      Damage    Failure   Level
 Hailstorm                Conj/Ice       0%         3d3       100%        3
 Ice Form                 Ice/Tmut       0%         N/A       100%        4
 Summon Small Mammal      Summ           Unusable   N/A       N/A         1
 Call Canine Familiar     Summ           Unusable   N/A       N/A         3
 Summon Guardian Golem    Hex/Summ       Unusable   N/A       N/A         3
 Simulacrum               Ice/Necr       Unusable   N/A       N/A         6

Dungeon Overview and Level Annotations

Branches:
Dungeon (9/15)             Temple (1/1) D:7         Ossuary (visited)
   Lair: D:8-11         Orc: D:9-12

Altars:
Ashenzari
Cheibriados
Dithmenos
Elyvilon
Fedhas
Gozag
Makhleb
Nemelex Xobeh
Okawaru
Qazlal
Ru
Sif Muna
Trog
Uskayaw
Vehumet
Wu Jian
Xom
Yredelemnul
Zin


Innate Abilities, Weirdness & Mutations

You have a pair of horns on your head.
You reflexively headbutt those who attack you in melee.


Message History

The slime creature closely misses you.
You slice the slime creature!!
The slime creature is heavily wounded.
You slash the large slime creature!
Your +1 spectral war axe hits the large slime creature.
Your +1 spectral war axe hits the slime creature!
The orc wizard mumbles some strange words.
The orc wizard flickers and vanishes!
Deactivating autopickup; reactivate with Ctrl-A.
You block the slime creature's attack.
You hear a shout!
Things that are here:
a +0 war axe; an orc corpse
There is a stone staircase leading down here.
You can't go up here!
The slime creature hits you but does no damage.
The large slime creature barely misses you.
You fly downwards.
You hear the roar of battle.
There is an entrance to a bailey on this level.
Hurry and find it before the portal closes forever!
Reactivating autopickup.
Found a scroll of immolation and a scroll of enchant armour.
There is a stone staircase leading up here.
You slash the slime creature!
The slime creature is severely wounded.
You slash the large slime creature!
Your +1 spectral war axe hits the large slime creature!
Your +1 spectral war axe hits the slime creature.
The large slime creature hits you.
* * * LOW HITPOINT WARNING * * *
The slime creature hits you but does no damage.
You slash the slime creature!
You kill the slime creature!
Okawaru accepts your kill.
You slash the large slime creature!
Your +1 spectral war axe hits the large slime creature!!
A large slime creature splits.
You swap places.
The slime creature barely misses you. The slime creature hits you!
You die...

..... .# ..
..... .# ...
#....####.##?..
#..............
#.............#
#.............#
#.............#
#......ยง......#
#####..@J..?..#
#..J......#
###########


You could see 2 slime creatures.

Vanquished Creatures
  A troll (D:8)
  3 slime creatures
  A wyvern (D:7)
  2 wargs (D:8)
  3 water moccasins
  An orc warrior (D:7)
  4 sky beasts (D:7)
  2 phantoms
  4 scorpions
  A gnoll sergeant (D:7)
  7 wights
  A howler monkey (D:4)
  3 orc priests (D:5)
  A gnoll bouda (D:6)
  3 hounds
  2 jellies (D:6)
  4 iguanas
  9 orc wizards
  A sleepcap (D:5)
  8 mummies (Ossuary)
  11 gnolls
  11 adders
  4 white imps
  3 ufetubi (D:6)
  5 worms
  A dart slug (D:2)
  22 orcs
  11 bats
  10 endoplasms
  9 giant cockroaches
  2 gnoll zombies (Ossuary)
  10 goblins
  7 hobgoblins
  9 jackals
  5 quokkas
  8 ball pythons
  4 frilled lizards
  A hobgoblin zombie (Ossuary)
  9 kobolds
  3 kobold zombies (Ossuary)
  2 orc zombies (Ossuary)
  6 rats
214 creatures vanquished.

Vanquished Creatures (others)
  A plant (D:8)
1 creature vanquished.

Grand Total: 215 creatures vanquished

Notes
Turn   | Place    | Note
-------+----------+-------------------------------------------
     0 | D:1      | bmack86 the Minotaur Fighter began the quest for the Orb.
     0 | D:1      | Reached XP level 1. HP: 19/19 MP: 0/0
     1 | D:1      | Found a runed translucent door.
    46 | D:1      | Reached XP level 2. HP: 26/27 MP: 1/1
    49 | D:1      | Reached skill level 3 in Axes
   199 | D:1      | Reached XP level 3. HP: 33/33 MP: 2/2
  1036 | D:1      | Reached XP level 4. HP: 40/40 MP: 3/3
  1115 | D:2      | Reached skill level 4 in Axes
  1356 | D:2      | Reached XP level 5. HP: 43/47 MP: 4/4
  1481 | D:2      | Reached skill level 1 in Throwing
  2853 | D:4      | Reached skill level 5 in Axes
  2853 | D:4      | Reached XP level 6. HP: 51/53 MP: 5/5
  3169 | D:4      | Identified the +0 robe of the Evening Star {rN+ Str-5
                  | Int+5}
  3174 | D:4      | Noticed a water moccasin
  3184 | D:4      | Killed a water moccasin
  3185 | D:4      | Reached skill level 5 in Shields
  3557 | D:4      | Reached skill level 5 in Fighting
  3557 | D:4      | Reached skill level 5 in Armour
  3597 | D:5      | Entered Level 5 of the Dungeon
  3637 | D:5      | Reached XP level 7. HP: 20/61 MP: 6/6
  3914 | D:5      | Reached skill level 6 in Axes
  4500 | D:6      | Reached skill level 7 in Axes
  4500 | D:6      | Reached XP level 8. HP: 70/70 MP: 7/7
  4519 | D:6      | Found a sand-covered staircase.
  4527 | Ossuary  | Entered an ossuary
  5296 | D:7      | Identified the +1 ring mail "Bouwkarph" {Harm rPois rF-
                  | Will+ SInv}
  5303 | D:7      | Reached skill level 8 in Axes
  5520 | D:7      | Reached XP level 9. HP: 78/78 MP: 8/8
  5552 | D:7      | Reached skill level 9 in Axes
  5680 | D:7      | Found a staircase to the Ecumenical Temple.
  5690 | Temple   | Entered the Ecumenical Temple
  5697 | Temple   | Became a worshipper of Warmaster Okawaru
  6283 | D:8      | Noticed a troll
  6295 | D:8      | Reached skill level 1 in Invocations
  6297 | D:8      | Killed a troll
  6340 | D:8      | Reached skill level 5 in Throwing
  6341 | D:8      | Reached * piety under Okawaru
  6343 | D:8      | Reached skill level 10 in Axes
  6353 | D:9      | Slain by a slime creature

Illustrated notes

Levels and vault maps discovered:
D:1:      dpeg_arrival_caged_fury, layout_loops_corners, minmay_octomino_c4
D:2:      wander_river, layout_basic
D:3:      layout_basic
D:4:      layout_basic, minmay_stone_trees_large, serial_park_tiny_pond
D:5:      layout_basic, minmay_joined_circles
D:6:      layout_cave_pools, nicolae_ossuary_entry_plus
D:7:      minmay_octagon_keep, layout_cave_pools, minmay_temple_entry_mist,
          minmay_misc_feat_roman
D:8:      layout_loops_ring, nzn_hepliaklqana_mist_gate,
          erik_lair_orcish_takeover, chequers_serial_rivers_micro_c,
          minmay_microvault
D:9:      gammafunk_indiana_jones, layout_rooms, tso_altar, tgw_kikubaaqudgha,
          enter_bailey_8, uniq_maggie
Temple:   compressed_dpeg_triangle_lava_temple

Skill      XL: |  1  2  3  4  5  6  7  8  9 |
---------------+----------------------------+-----
Axes           | 3 4 5 7 8 10 | 10.2
Armour         | 4 5 6 7 |  7.8
Shields        | 4 5 6 7 |  7.8
Fighting       | 4 5 6 7 |  7.8
Throwing       | 1 2 3 4 5 |  5.2
Invocations    | 2 |  2.3

Action                     |  1- 3 |  4- 6 |  7- 9 || total
---------------------------+-------+-------+-------++-------
  Melee: War axe           |   115 |   144 |   177 ||   436
         Headbutt          |    12 |    22 |    42 ||    76
  Throw: Dart              |       |     4 |       ||     4
    Use: Scroll            |       |     8 |    11 ||    19
   Stab: Distracted        |       |     1 |     1 ||     2
 Armour: Scale mail        |    57 |    71 |       ||   128
         Chain mail        |       |       |    20 ||    20
         Plate armour      |       |       |    53 ||    53
  Dodge: Dodged            |    51 |    55 |    75 ||   181
  Block: Buckler           |    33 |    48 |    73 ||   154
         Reflection        |       |       |     1 ||     1

Table legend: (Time is in decaauts)
 A = Elapsed time spent in this place.
 B = Non-inter-level travel time spent in this place.
 C = Inter-level travel time spent in this place.
 D = Time resting spent in this place.
 E = Time spent auto-exploring this place.
 F = Levels seen in this place.
 G = Mean time per level.
                   A        B        C        D        E       F      G
               +--------+--------+--------+--------+--------+-----+--------+
         Total |   6478 |   6307 |    171 |    197 |   4136 |  11 |  588.9 |
       Dungeon |   5926 |   5755 |    171 |    132 |   3905 |   9 |  658.4 |
        Temple |    285 |    285 |      0 |      0 |    231 |   1 |  285.0 |
       Ossuary |    266 |    266 |      0 |     65 |      0 |   1 |  266.0 |
               +--------+--------+--------+--------+--------+-----+--------+

Top non-repeatable levels by time:
     D:1: 1097 daAuts
     D:2: 919 daAuts
     D:5: 907 daAuts
     D:3: 859 daAuts
     D:4: 819 daAuts
     D:7: 720 daAuts
     D:6: 531 daAuts
  Temple: 285 daAuts
 Ossuary: 266 daAuts
     D:8: 68 daAuts
     D:9: 2 daAuts
